 Dungeon Crawl Stone Soup version 0.18.1-48-g4cf74bf (webtiles) character file.

6965 BESTIEunlmt the Fighter (level 11, -2/99 HPs)
             Began as a Hill Orc Berserker on July 14, 2016.
             Was an Elder of Trog.
             Slain by a komodo dragon (25 damage)
             ... on level 1 of the Lair of Beasts.
             The game lasted 02:02:44 (10486 turns).

BESTIEunlmt the Fighter (Hill Orc Berserker)       Turns: 10486, Time: 02:02:44

Health: -2/99      AC: 17    Str: 21    XL:     11   Next: 7%
Magic:  11/11      EV:  3    Int:  8    God:    Trog [****..]
Gold:   323        SH:  2    Dex: 12    Spells: 0 memorised, 10 levels left

rFire  x . .     SeeInvis .     M - +0 great sword
rCold  + . .     Gourm    .     K - +0 plate armour
rNeg   . . .     Faith    .     (shield currently unavailable)
rPois  +         Spirit   .     (no helmet)
rElec  .         Dismiss  .     (no cloak)
rCorr  .         Reflect  +     p - +2 pair of gloves
SustAt .         Harm     .     (no boots)
MR     .....                    C - +2 amulet of reflection
Stlth  ..........               E - ring of ice
                                m - ring of poison resistance

@: not resistant to hostile enchantments, extremely unstealthy
A: no striking features
a: Berserk, Trog's Hand, Brothers in Arms, Burn Spellbooks, Renounce Religion


You were on level 1 of the Lair of Beasts.
You worshipped Trog.
Trog was greatly pleased with you.
You were not hungry.

You visited 3 branches of the dungeon, and saw 13 of its levels.
You also visited: Sewer.

You collected 499 gold pieces.
You spent 176 gold pieces at shops.

Inventory:

Hand Weapons
 e - a +2 shortbow of evasion
 x - a +2 long sword of slicing
 B - a +6 blowgun
 J - a +3 shortbow
 M - a +0 great sword (weapon)
Missiles
 d - 195 arrows
 j - a throwing net
 t - 38 poisoned needles
 w - 5 javelins of returning (quivered)
 N - 7 needles of sleeping
Armour
 b - a +0 animal skin
 g - a +0 scale mail
 p - a +2 pair of gloves (worn)
 z - a +0 chain mail
 K - a +0 plate armour (worn)
Magical Staves
 L - an uncursed staff of conjuration {unknown}
Jewellery
 m - a ring of poison resistance (left hand)
 o - an uncursed amulet of guardian spirit
 C - a +2 amulet of reflection (around neck)
 E - a ring of ice (right hand)
 O - an uncursed ring of resist corrosion
Wands
 s - a wand of digging (9/24)
 A - a wand of slowing (20/48)
 G - a wand of acid (4/15)
Scrolls
 n - 2 scrolls of noise
 q - 6 scrolls of remove curse
 y - a scroll of magic mapping
Potions
 f - 3 potions of lignification
 i - 3 potions of might
 l - a potion of brilliance {unknown}
 r - 2 potions of berserk rage
 v - 2 potions of ambrosia
 D - 2 potions of flight {unknown}
 F - 2 potions of cancellation {unknown}
 H - a potion of degeneration {unknown}
Comestibles
 c - 4 bread rations
 h - 14 fruits
 k - 3 meat rations


   Skills:
 + Level 9.9 Fighting
 + Level 8.3 Long Blades
   Level 5.7 Axes
 + Level 2.8 Bows
 + Level 5.5 Throwing
 + Level 9.5 Armour
 + Level 4.6 Dodging
 + Level 0.5 Stealth


You had 10 spell levels left.
You didn't know any spells.

Dungeon Overview and Level Annotations

Branches:
Dungeon (10/15)            Temple (1/1) D:7            Lair (2/8) D:9
    Orc: D:9-12

Altars:
Cheibriados
Dithmenos
Elyvilon
Fedhas
Gozag
Kikubaaqudgha
Makhleb
Nemelex Xobeh
Okawaru
Qazlal
Sif Muna
Trog
Vehumet
Xom
Yredelemnul
Zin
The Shining One

Shops:
D:4 (!*(

Annotations:
D:5 Eustachio, Menkaure


Message History

You feel an oppressive heat about you.
There is an entrance to a volcano on this level.
Hurry and find it before the entrance collapses! 4 yaks come into view.
The yak bellows! x2
Found a stone staircase leading up.
The komodo dragon bites you but does no damage.
Found a scroll of magic mapping and 16 sling bullets.
A spiny frog comes into view.
There is a stone staircase leading up here.
The komodo dragon bites you!!
* * * LOW HITPOINT WARNING * * *
You climb upwards.
There is a stone staircase leading down here.
Read which item? (? for menu, Esc to quit)
As you read the scroll of fog, it crumbles to dust.
The scroll dissolves into smoke.
The komodo dragon bites you but does no damage.
There is a staircase back to the Dungeon, spattered with blood here.
The komodo dragon bites you!!
You die...

#....# ##P.....# #....#
####P....... *
##...####.[.†....#.. *
#######..###÷..P#.#####.. *
#.#[#....#P.†###### **##. *
*#..........##*,,,###.#.. * ##*
#........##.##,......... *
#.####...#.#.##*#.#........## *
##...##.#..#@###..........#.. *
##....###...#l#....#.###......
*###.............#..####.........
#.................P#.#..........
#.....##........................
#....######.#.....#...P......##.
##...#####§.....(.....#..#...##.
##...#......§§.#................
*#......#...§§##....###P###....##


You could see a komodo dragon.

Vanquished Creatures
  A spiny frog (Lair:1)
  The ghost of tape the Ducker, a novice HEIE of Okawaru (D:6)
  The ghost of Restia the Skirmisher, an amateur DsMo (D:4)
  A hippogriff (Lair:1)
  14 yaks
  2 wargs (D:9)
  2 porcupines (Lair:1)
  An ice beast (D:9)
  3 sky beasts
  An orc warrior (D:9)
  A phantom (D:8)
  2 ogres (D:5)
  3 wolves (Lair:1)
  3 centaurs (D:7)
  3 big kobolds
  2 giant frogs
  A gnoll sergeant (D:8)
  4 scorpions
  5 killer bees (D:9)
  A howler monkey (D:9)
  4 crimson imps
  2 giant frog zombies
  2 centaur zombies
  3 giant frog skeletons
  A jelly (D:9)
  A quasit (D:8)
  2 orc priests
  5 hounds
  5 iguanas
  3 orc wizards (D:9)
  A worker ant (D:9)
  A hound skeleton (D:4)
  7 gnolls
  7 adders
  A howler monkey skeleton (D:4)
  6 river rats
  2 shadow imps
  A white imp (D:9)
  An ooze (D:1)
  An adder skeleton (D:5)
  2 worms (D:2)
  2 dart slugs (D:1)
  7 giant geckos
  15 orcs
  A ball python (D:3)
  8 giant cockroaches
  4 goblins
  6 hobgoblins
  17 jackals
  4 quokkas
  7 bats
  3 giant newts
  A jackal zombie (D:5)
  15 kobolds
  6 rats
206 creatures vanquished.

Vanquished Creatures (collateral kills)
  A hill giant (D:8)
  An adder (D:8)
2 creatures vanquished.

Vanquished Creatures (others)
  4 fungi (D:5)
4 creatures vanquished.

Grand Total: 212 creatures vanquished

Notes
Turn   | Place    | Note
--------------------------------------------------------------
     0 | D:1      | BESTIEunlmt the Hill Orc Berserker began the quest for the Orb.
     0 | D:1      | Reached XP level 1. HP: 19/19 MP: 1/1
   401 | D:1      | Reached XP level 2. HP: 26/27 MP: 2/2
   785 | D:2      | Found a sparkling altar of Nemelex Xobeh.
  1335 | D:2      | Reached XP level 3. HP: 29/33 MP: 3/3
  1418 | D:2      | Reached ** piety under Trog
  1462 | D:2      | Reached skill level 5 in Axes
  1737 | D:2      | Reached XP level 4. HP: 13/40 MP: 4/4
  2432 | D:3      | Found a radiant altar of Vehumet.
  3112 | D:4      | Found Wymia's Jewellery Shoppe.
  3127 | D:4      | Found Zyev's Distillery.
  3145 | D:4      | Reached XP level 5. HP: 34/46 MP: 3/5
  3170 | D:4      | Found Ashretiva's Antique Weapon Emporium.
  3182 | D:4      | Bought a runed blowgun for 62 gold pieces
  3208 | D:4      | Noticed Restia's ghost (amateur DsMo)
  3220 | D:4      | Reached skill level 1 in Long Blades
  3232 | D:4      | Killed Restia's ghost
  3232 | D:4      | Reached XP level 6. HP: 42/55 MP: 4/6
  3319 | D:4      | Found a glowing drain.
  3335 | D:4      | Reached *** piety under Trog
  3355 | Sewer    | Entered a sewer
  3363 | Sewer    | Reached skill level 5 in Fighting
  3474 | Sewer    | Reached skill level 1 in Throwing
  3474 | Sewer    | Reached XP level 7. HP: 57/61 MP: 7/7
  3487 | Sewer    | Found a glowing silver altar of Zin.
  3739 | D:4      | Found Velafus's Assorted Antiques.
  3760 | D:4      | Bought a potion of curing for 78 gold pieces
  3839 | D:4      | Bought a potion of curing for 36 gold pieces
  3897 | D:4      | Found an opulent altar of Gozag.
  3925 | D:4      | Found Ytrutul's Antique Weapon Shoppe.
  4049 | D:5      | Entered Level 5 of the Dungeon
  4097 | D:5      | Noticed Menkaure
  4433 | D:5      | Reached skill level 5 in Armour
  4527 | D:5      | Found a shimmering altar of Xom.
  4861 | D:5      | Found a snail-covered altar of Cheibriados.
  5093 | D:5      | Noticed Eustachio
  5110 | D:5      | Reached XP level 8. HP: 70/70 MP: 8/8
  5607 | D:6      | Noticed tape's ghost (novice HEIE)
  5693 | D:6      | Killed tape's ghost
  6026 | D:7      | Found a deep blue altar of Sif Muna.
  6119 | D:7      | Reached **** piety under Trog
  6192 | D:7      | Found an ancient bone altar of Kikubaaqudgha.
  6335 | D:7      | Found a staircase to the Ecumenical Temple.
  6444 | D:7      | Reached skill level 1 in Bows
  6619 | D:7      | Found a basalt altar of Yredelemnul.
  6667 | Temple   | Entered the Ecumenical Temple
  6840 | D:8      | Reached XP level 9. HP: 64/79 MP: 7/9
  7064 | D:8      | Reached skill level 5 in Long Blades
  7319 | D:8      | Found a blossoming altar of Fedhas.
  8231 | D:9      | Received a gift from Trog
  8397 | D:9      | Found a staircase to the Lair.
  8585 | D:9      | Reached XP level 10. HP: 62/88 MP: 10/10
  8744 | D:9      | Reached skill level 5 in Throwing
  9079 | D:9      | Reached ***** piety under Trog
  9084 | D:9      | Noticed a hill giant
  9183 | D:8      | Killed a hill giant
  9560 | D:9      | Found a glowing golden altar of the Shining One.
  9681 | D:10     | Entered Level 10 of the Dungeon
  9701 | Lair:1   | Entered Level 1 of the Lair of Beasts
 10165 | Lair:1   | Noticed a spiny frog
 10173 | Lair:1   | Killed a spiny frog
 10237 | Lair:1   | Reached XP level 11. HP: 82/99 MP: 11/11
 10253 | Lair:1   | Received a gift from Trog
 10486 | Lair:1   | Slain by a komodo dragon

Skill      XL: |  1  2  3  4  5  6  7  8  9 10 |
---------------+-------------------------------+-----
Fighting       | 4 5 6 7 8 9 |  9.9
Axes           | 5 |  5.7
Dodging        | 2 3 4 |  4.6
Armour         | 3 4 5 6 7 9 |  9.5
Long Blades    | 1 2 3 4 6 8 |  8.3
Throwing       | 1 3 4 5 |  5.5
Bows           | 1 2 |  2.8
Stealth        | |  0.5

Action                   |  1- 3 |  4- 6 |  7- 9 | 10-12 || total
-------------------------+-------+-------+-------+-------++-------
Melee: Hand axe          |   144 |    49 |       |       ||   193
       Long sword        |       |   153 |   382 |       ||   535
       Great sword       |       |       |    11 |   180 ||   191
 Fire: Blowgun           |       |     8 |    93 |    24 ||   125
       Shortbow          |       |       |    31 |       ||    31
Throw: Throwing net      |       |       |       |     1 ||     1
Invok: Berserk           |     1 |     1 |     1 |       ||     3
       Trog's Hand       |       |       |     3 |     3 ||     6
       Brothers in Arms  |       |       |       |     2 ||     2
  Use: Scroll            |     4 |     7 |     6 |     3 ||    20
       Potion            |     1 |     1 |     9 |     3 ||    14
  Eat: Meat ration       |     1 |     1 |     1 |     1 ||     4
       Fruit             |       |     1 |     7 |     1 ||     9
       Pizza             |       |       |     2 |       ||     2
       Bread ration      |       |       |     1 |     1 ||     2
Armor: Animal skin       |     3 |       |       |       ||     3
       Scale mail        |    50 |    28 |       |       ||    78
       Chain mail        |       |   105 |   289 |       ||   394
       Plate armour      |       |       |    49 |   105 ||   154
       Skin              |       |       |     1 |       ||     1
Dodge: Dodged            |    73 |    98 |   196 |    69 ||   436
Block: Other             |       |       |    13 |    13 ||    26
